Map: Acropolis LE

Players

Bioice - Winner!

  • Race: Zerg Zerg
  • Spawn Location: 5:00

Miharu

  • Race: Zerg Zerg
  • Spawn Location: 11:00

VOD

Have the link to the VOD?

Description

Time

  • Played on: Sept. 6, 2019, 3:31 p.m.
  • Length: 8:40
Show
View Real Time Build Order
Export as new Build Order

Bioice Zerg - Winner!

Build Orders: Hatch First 

Get SALT Encoding   

  12  0:04  Drone  
  13  0:16  Overlord  
  13  0:19  Drone  
  14  0:34  Drone x2  
  16  0:48  Hatchery  
  15  0:51  Drone  
  15  0:56  Drone  
  17  0:59  Drone  
  18  1:09  Extractor  
  17  1:16  Spawning Pool  
  17  1:17  Drone  
  17  1:21  Drone  
  18  1:34  Drone  
  19  1:42  Drone  
  21  1:54  Drone  
  21  2:02  Queen x2  
  21  2:04  Drone  
  21  2:05  Overlord  
  26  2:11  Metabolic Boost  
  26  2:14  Drone x2  
  28  2:23  Drone  
  28  2:26  Drone  
  30  2:41  Baneling Nest  
  30  2:43  Zergling x2  
  30  2:44  Zergling x2  
  31  2:50  Hatchery  
  30  2:52  Overlord  
  30  2:58  Drone x3  
  33  3:06  Zergling x2  
  33  3:08  Drone  
  35  3:14  Drone x2  
  35  3:15  Drone x4  
  35  3:18  Overlord  
  41  3:26  Baneling x2  
  41  3:29  Zergling x4  
  42  3:36  Baneling x2  
  42  3:38  Zergling x2  
  42  3:39  Queen  
  45  3:46  Zergling x12  
  51  3:56  Overlord  
  50  4:07  Baneling  
  50  4:08  Drone  
  50  4:09  Drone x3  
  54  4:12  Overlord, Drone  
  54  4:13  Drone  
  55  4:17  Drone x6  
  55  4:22  Extractor  
  60  4:24  Extractor  
  60  4:25  Evolution Chamber, Roach Warren  
  60  4:26  Drone x2  
  60  4:28  Drone  
  60  4:31  Drone  
  60  4:41  Drone x2  
  60  4:44  Overlord  
  63  4:52  Drone  
  63  4:57  Drone x2  
  63  4:58  Drone x8  
  72  5:01  Overlord  
  72  5:05  Overlord  
  72  5:12  Baneling  
  72  5:14  Overlord  
  72  5:15  Drone  
  72  5:17  Overlord  
  72  5:19  Drone  
  73  5:25  Zerg Missile Weapons Level 1  
  73  5:26  Pneumatized Carapace  
  73  5:28  Evolution Chamber, Drone  
  73  5:29  Drone x7  
  73  5:31  Overlord x2  
  73  5:33  Extractor x2  
  78  5:36  Drone x2, Extractor  
  78  5:42  Drone  
  80  5:43  Drone  
  80  5:48  Hatchery  
  80  5:50  Overlord  
  80  6:03  Lair  
  80  6:04  Overlord x2  
  80  6:05  Overlord  
  80  6:06  Roach  
  80  6:07  Roach x8  
  97  6:18  Roach x3  
  103  6:23  Overlord  
  103  6:24  Baneling  
  103  6:25  Baneling  
  103  6:33  Zerg Ground Armor Level 1  
  103  6:37  Roach x10  
  103  6:39  Baneling x2  
  123  6:42  Overlord  
  123  6:45  Overlord  
  123  6:54  Queen  
  123  6:58  Roach x4  
  133  7:04  Overlord  
  131  7:14  Roach x11  
  152  7:16  Glial Reconstitution  
  152  7:21  Roach  
  152  7:22  Roach  
  156  7:31  Roach x7  
  156  7:33  Roach x2  
  156  7:34  Roach  
  176  7:38  Roach x2  
  176  7:44  Roach x2  
  184  7:50  Overlord  
  184  8:11  Roach x5  
Show
View Real Time Build Order
Export as new Build Order

Miharu Zerg 

Build Orders: Hatch First, Zergling Baneling 

Get SALT Encoding   

  12  0:01  Drone  
  13  0:11  Overlord  
  13  0:16  Drone  
  14  0:30  Drone  
  14  0:31  Drone  
  16  0:50  Hatchery  
  16  0:51  Drone  
  16  0:55  Drone  
  17  1:10  Spawning Pool  
  16  1:12  Extractor  
  16  1:14  Drone  
  16  1:18  Drone  
  16  1:22  Drone  
  18  1:28  Drone  
  19  1:39  Overlord  
  19  1:56  Queen  
  21  2:01  Queen  
  21  2:05  Drone x2  
  25  2:12  Drone x2  
  25  2:13  Metabolic Boost  
  27  2:16  Drone  
  29  2:22  Drone  
  29  2:24  Drone  
  30  2:41  Drone, Baneling Nest  
  30  2:49  Zergling x2  
  30  2:50  Hatchery  
  30  2:52  Zergling x2  
  30  2:56  Zergling x2  
  30  2:58  Drone  
  33  2:59  Drone  
  34  3:06  Overlord  
  34  3:12  Zergling x4  
  36  3:24  Queen  
  38  3:35  Zergling x2  
  38  3:36  Zergling x10  
  44  3:56  Baneling  
  43  4:05  Drone x4  
  43  4:06  Queen  
  43  4:09  Overlord x2  
  49  4:15  Evolution Chamber  
  47  4:18  Baneling x4  
  47  4:30  Roach Warren  
  45  4:43  Baneling  
  45  4:44  Zergling x2, Baneling x3  
  45  4:45  Zergling x18, Queen  
  57  4:59  Queen x2  
  61  5:14  Drone x2  
  61  5:17  Overlord  
  56  5:21  Drone  
  56  5:22  Drone x6  
  56  5:27  Baneling  
  56  5:28  Baneling x3  
  56  5:31  Zerg Missile Weapons Level 1  
  56  5:33  Drone x2  
  58  5:40  Roach  
  58  5:41  Roach  
  62  6:00  Drone x3  
  65  6:04  Drone x3  
  65  6:05  Overlord  
  65  6:10  Extractor  
  67  6:11  Extractor  
  67  6:17  Drone x3  
  69  6:20  Queen  
  69  6:25  Overlord x2  
  71  6:29  Drone x3  
  73  6:41  Roach x4, Extractor  
  73  6:43  Overlord  
  80  6:47  Spore Crawler  
  80  6:50  Overlord  
  79  6:58  Roach x5  
  79  6:59  Roach  
  91  7:02  Overlord  
  91  7:06  Drone x2  
  91  7:08  Drone  
  92  7:27  Drone x8  
  100  7:36  Lair  
  97  7:46  Roach x8  
  113  7:56  Roach  
  113  7:57  Roach x3  
  121  7:59  Overlord  
  113  8:18  Roach  
  113  8:19  Roach x9  
Tags
 
Add a new tag
Caveats
  • Supply blocks, unpowered buildings, or Contaminate may cause inaccurate times.
  • Supply counts are checked every 10 seconds.